3AA
BILLINGS POLAR BEARS @ SAN ANTONIO BC
08/17/2034
 
TOP OF THE 1ST
Billings Polar Bears batting - Pitching for San Antonio BC : LHP Abdul-Nasir Rabah
Pitching: LHP Abdul-Nasir Rabah
Batting: RHB Luis Álvarez 0-0: Ball
1-0: Called Strike
1-1: Ball
2-1: Ball
3-1: Base on Balls
Batting: RHB Patrick Pupovac 0-0: Ball
1-0: Called Strike
Throwing error on steal attempt, E2
Luis Álvarez to third
1-1: Foul Ball, location: 2F
1-2: Ball
Wild Pitch!
Luis Álvarez scores
2-2: Ground out 6-3 (Groundball, 6M)
Batting: RHB Pedro Flores 0-0: Foul Ball, location: 2F
0-1: Fly out, F8 (Flyball, 78S)
Batting: LHB Phil MacNamara 0-0: Ball
1-0: Ball
2-0: Called Strike
2-1: Ball
3-1: Base on Balls
Batting: RHB Lynwood Dimartínez 0-0: Ball
1-0: Fielders Choice at 2nd, 5-4 (Groundball, 56)
Top of the 1st over - 1 run, 0 hits, 1 error, 1 left on base; Billings 1 - San Antonio 0
BOTTOM OF THE 1ST
San Antonio BC batting - Pitching for Billings Polar Bears : RHP Paco Rojas
Pitching: RHP Paco Rojas
Batting: RHB Robby Arnold 0-0: Ball
1-0: Fly out, F7 (Line Drive, 7D)
Batting: RHB Alba Hidalgo de Jesus 0-0: Foul Ball, location: 2F
0-1: Ground out U3 (Groundball, 3L)
Batting: RHB Mike Howard 0-0: Called Strike
0-1: Ball
1-1: Ball
2-1: Ball
3-1: Swinging Strike
3-2: Foul Ball, location: 2F
3-2: Ground out 6-3 (Groundball, 6)
Bottom of the 1st over - 0 runs, 0 hits, 0 errors, 0 left on base; Billings 1 - San Antonio 0
TOP OF THE 2ND
Billings Polar Bears batting - Pitching for San Antonio BC : LHP Abdul-Nasir Rabah
Batting: RHB Luis Pérez 0-0: Called Strike
0-1: Fly out, F5 (Popup, 56S)
Batting: RHB Corey Dudding 0-0: Ball
1-0: Fly out, F9 (Flyball, 9S)
Batting: RHB Juan Ortíz 0-0: Foul Ball, location: 2F
0-1: Fly out, F7 (Flyball, 7D)
Top of the 2nd over - 0 runs, 0 hits, 0 errors, 0 left on base; Billings 1 - San Antonio 0
BOTTOM OF THE 2ND
San Antonio BC batting - Pitching for Billings Polar Bears : RHP Paco Rojas
Batting: RHB Chet Mathis 0-0: Swinging Strike
0-1: Ball
1-1: Swinging Strike
1-2: Strikes out swinging
Batting: RHB Silverberry Mouhon 0-0: SINGLE (Flyball, 7LS)
Batting: RHB José Salinas 0-0: Called Strike
0-1: Ball
1-1: Ball
2-1: Ball
3-1: Base on Balls
Silverberry Mouhon to second
Batting: RHB Brodie Floyd 0-0: Called Strike
0-1: Called Strike
0-2: Ball
1-2: Ball
2-2: Ball
3-2: SINGLE (Groundball, 34D)
Silverberry Mouhon to third
José Salinas to second
Runner from 3rd tries for Home, SAFE, no throw
Batting: RHB Renato Lavado 0-0: Ball
1-0: Swinging Strike
1-1: Ball
2-1: Fly out, F5 (Line Drive, 56)
Batting: RHB Ben Hampton 0-0: Single, Error in OF, E7, batter to second base
José Salinas scores
Brodie Floyd to third
Batting: RHB Robby Arnold 0-0: Ball
1-0: Ball
2-0: Ball
3-0: Base on Balls
Batting: RHB Alba Hidalgo de Jesus 0-0: Foul Ball, location: 2F
0-1: Swinging Strike
0-2: Fly out, F8 (Flyball, 8LM)
Bottom of the 2nd over - 2 runs, 3 hits, 1 error, 3 left on base; Billings 1 - San Antonio 2
TOP OF THE 3RD
Billings Polar Bears batting - Pitching for San Antonio BC : LHP Abdul-Nasir Rabah
Batting: SHB Goro Yokoyama 0-0: Ground out 6-3 (Groundball, 6)
Batting: RHB Luis Álvarez 0-0: Ball
1-0: Foul Ball, location: 2F
1-1: SINGLE (Groundball, 56D)
Batting: RHB Patrick Pupovac 0-0: Called Strike
0-1: Ball
1-1: Ball
2-1: Ball
3-1: Called Strike
3-2: Grounds into double play, 5-4-3 (Groundball, 56)
Top of the 3rd over - 0 runs, 1 hit, 0 errors, 0 left on base; Billings 1 - San Antonio 2
BOTTOM OF THE 3RD
San Antonio BC batting - Pitching for Billings Polar Bears : RHP Paco Rojas
Batting: RHB Mike Howard 0-0: Called Strike
0-1: Called Strike
0-2: Foul Ball, location: 2F
0-2: Strikes out looking
Batting: RHB Chet Mathis 0-0: Called Strike
0-1: Called Strike
0-2: Ball
1-2: Ball
2-2: Ball
3-2: Fly out, F9 (Flyball, 9)
Batting: RHB Silverberry Mouhon 0-0: Ball
1-0: Called Strike
1-1: Fly out, F5 (Popup, 5SF)
Bottom of the 3rd over - 0 runs, 0 hits, 0 errors, 0 left on base; Billings 1 - San Antonio 2
TOP OF THE 4TH
Billings Polar Bears batting - Pitching for San Antonio BC : LHP Abdul-Nasir Rabah
Batting: RHB Pedro Flores 0-0: SINGLE (Line Drive, 78M)
Batting: LHB Phil MacNamara 0-0: Called Strike
0-1: Foul Ball, location: 2F
0-2: Ball
1-2: Strikes out swinging
Batting: RHB Lynwood Dimartínez 0-0: Foul Ball, location: 2F
0-1: Ball
1-1: Foul Ball, location: 2F
1-2: Foul Ball, location: 2F
1-2: Ball
2-2: Ball
3-2: Fielders Choice at 2nd, 4-6 (Groundball, 4D)
Batting: RHB Luis Pérez 0-0: Ball
1-0: Ball
2-0: Fly out, F1 (Popup, 15)
Top of the 4th over - 0 runs, 1 hit, 0 errors, 1 left on base; Billings 1 - San Antonio 2
BOTTOM OF THE 4TH
San Antonio BC batting - Pitching for Billings Polar Bears : RHP Paco Rojas
Pitching: RHP Roberto Roque
Batting: RHB José Salinas 0-0: Called Strike
0-1: Foul Ball, location: 2F
0-2: Ground out 6-3 (Groundball, 6)
Batting: RHB Brodie Floyd 0-0: Called Strike
0-1: Ball
1-1: Ball
2-1: Fly out, F4 (Line Drive, 4)
Batting: RHB Renato Lavado 0-0: Ball
1-0: Foul Ball, location: 2F
1-1: Ground out 5-3 (Groundball, 56)
Bottom of the 4th over - 0 runs, 0 hits, 0 errors, 0 left on base; Billings 1 - San Antonio 2
TOP OF THE 5TH
Billings Polar Bears batting - Pitching for San Antonio BC : LHP Abdul-Nasir Rabah
Batting: RHB Corey Dudding 0-0: Ball
1-0: Called Strike
1-1: Swinging Strike
1-2: Ball
2-2: Foul Ball, location: 2F
2-2: Ball
3-2: Ground out 4-3 (Groundball, 4)
Batting: RHB Juan Ortíz 0-0: Ball
1-0: Ball
2-0: Ball
3-0: Base on Balls
Batting: SHB Goro Yokoyama 0-0: Swinging Strike
0-1: Ball
1-1: Foul Ball, location: 2F
1-2: Ball
2-2: Ground out U3 (Groundball, 34)
Juan Ortíz to second
Batting: RHB Luis Álvarez 0-0: Ball
1-0: Foul Ball, location: 2F
1-1: Foul Ball, location: 2F
1-2: Ball
2-2: Ball
3-2: Base on Balls
Batting: RHB Patrick Pupovac 0-0: Fly out, F7 (Flyball, 7)
Top of the 5th over - 0 runs, 0 hits, 0 errors, 2 left on base; Billings 1 - San Antonio 2
BOTTOM OF THE 5TH
San Antonio BC batting - Pitching for Billings Polar Bears : RHP Roberto Roque
Batting: RHB Ben Hampton 0-0: Ball
1-0: Ball
2-0: Ground out 5-3 (Groundball, 56)
Batting: RHB Robby Arnold 0-0: Ball
1-0: Ball
2-0: Ball
3-0: Base on Balls
Batting: RHB Alba Hidalgo de Jesus 0-0: Ball
1-0: Ball
2-0: Called Strike
2-1: Ball
3-1: SINGLE (Groundball, 34S) (infield hit)
Robby Arnold to second
Batting: RHB Mike Howard 0-0: Called Strike
0-1: Ball
1-1: Ball
2-1: Ball
3-1: Called Strike
3-2: Strikes out swinging
Batting: RHB Chet Mathis 0-0: Foul Ball, location: 2F
0-1: Called Strike
0-2: Foul Ball, location: 2F
0-2: Ball
1-2: Strikes out looking
Bottom of the 5th over - 0 runs, 1 hit, 0 errors, 2 left on base; Billings 1 - San Antonio 2
TOP OF THE 6TH
Billings Polar Bears batting - Pitching for San Antonio BC : LHP Abdul-Nasir Rabah
Batting: RHB Pedro Flores 0-0: Ball
1-0: Ball
2-0: Reached on error, E4 (Groundball, 4)
Batting: LHB Phil MacNamara 0-0: Called Strike
0-1: Ball
1-1: Ball
2-1: Fly out, F4 (Line Drive, 4)
Batting: RHB Lynwood Dimartínez 0-0: Foul Ball, location: 2F
0-1: Swinging Strike
0-2: Ball
1-2: Ball
2-2: Strikes out swinging
Batting: RHB Luis Pérez 0-0: Fly out, F8 (Flyball, 78D)
Top of the 6th over - 0 runs, 0 hits, 1 error, 1 left on base; Billings 1 - San Antonio 2
BOTTOM OF THE 6TH
San Antonio BC batting - Pitching for Billings Polar Bears : RHP Roberto Roque
Batting: RHB Silverberry Mouhon 0-0: Called Strike
0-1: Fly out, F7 (Flyball, 7LSF)
Batting: RHB José Salinas 0-0: Ball
1-0: Ball
2-0: Ball
3-0: Called Strike
3-1: Base on Balls
Batting: RHB Brodie Floyd 0-0: Ball
1-0: Foul Ball, location: 2F
1-1: Ball
2-1: Ball
3-1: Swinging Strike
3-2: Strikes out swinging
José Salinas steals 2nd base
Batter strikes out.
Batting: RHB Renato Lavado 0-0: Ground out 3-1 (Groundball, 34)
Bottom of the 6th over - 0 runs, 0 hits, 0 errors, 1 left on base; Billings 1 - San Antonio 2
TOP OF THE 7TH
Billings Polar Bears batting - Pitching for San Antonio BC : LHP Abdul-Nasir Rabah
Batting: RHB Corey Dudding 0-0: Ball
1-0: Ground out 3-1 (Groundball, 3S)
Batting: RHB Juan Ortíz 0-0: Called Strike
0-1: Ball
1-1: Ball
2-1: Fly out, F6 (Line Drive, 6)
Batting: SHB Goro Yokoyama 0-0: Ball
1-0: Swinging Strike
1-1: Ball
2-1: Ball
3-1: Foul Ball, location: 2F
3-2: SINGLE (Line Drive, 89M)
Batting: RHB Luis Álvarez 0-0: Ball
Goro Yokoyama steals 2nd base
1-0: Ground out U3 (Groundball, 3)
Top of the 7th over - 0 runs, 1 hit, 0 errors, 1 left on base; Billings 1 - San Antonio 2
BOTTOM OF THE 7TH
San Antonio BC batting - Pitching for Billings Polar Bears : RHP Roberto Roque
Batting: RHB Ben Hampton 0-0: Ball
1-0: Swinging Strike
1-1: Ball
2-1: SINGLE (Groundball, 56D)
Batting: RHB Robby Arnold 0-0: Ball
1-0: Ground out 5-3 (Groundball, 56)
Ben Hampton to second
Batting: RHB Alba Hidalgo de Jesus 0-0: Ball
1-0: Called Strike
1-1: Called Strike
1-2: Foul Ball, location: 2F
1-2: Ball
2-2: Ball
3-2: Foul Ball, location: 2F
3-2: Base on Balls
Pitching: LHP Pierre de Vizcaya
Batting: RHB Mike Howard 0-0: Ball
1-0: Swinging Strike
1-1: Swinging Strike
1-2: Ball
2-2: Strikes out swinging
Batting: RHB Chet Mathis 0-0: Called Strike
0-1: Foul Ball, location: 2F
0-2: Foul Ball, location: 2F
0-2: Ground out 5-3 (Groundball, 56S)
Bottom of the 7th over - 0 runs, 1 hit, 0 errors, 2 left on base; Billings 1 - San Antonio 2
TOP OF THE 8TH
Billings Polar Bears batting - Pitching for San Antonio BC : LHP Abdul-Nasir Rabah
Pitching: RHP Salvador Villegas
Now at 1B: Tom Chagolla
Now in RF: Pablo Morales
Batting: RHB Patrick Pupovac 0-0: Foul Ball, location: 2F
0-1: Ball
1-1: Ball
2-1: Foul Ball, location: 2F
2-2: Foul Ball, location: 2F
2-2: Foul Ball, location: 2F
2-2: Ground out 4-3 (Groundball, 34S)
Batting: RHB Pedro Flores 0-0: Ball
1-0: Called Strike
1-1: Ball
2-1: Ball
3-1: Foul Ball, location: 2F
3-2: Foul Ball, location: 2F
3-2: Base on Balls
Pinch Runner at 1st Mesa Altuve:
Batting: LHB Phil MacNamara 0-0: Ball
1-0: Called Strike
1-1: Ball
Mesa Altuve steals 2nd base
2-1: Called Strike
2-2: SINGLE (Flyball, 89S)
Mesa Altuve to third
Runner from 3rd tries for Home, SAFE, no throw
Batting: RHB Lynwood Dimartínez 0-0: Ball
1-0: Ball
2-0: Ball
3-0: Base on Balls
Phil MacNamara to second
Batting: RHB Luis Pérez 0-0: Ball
1-0: Ball
2-0: SINGLE (Line Drive, 34)
Phil MacNamara to third
Lynwood Dimartínez to second
Batting: RHB Corey Dudding 0-0: Foul Ball, location: 2F
0-1: Called Strike
0-2: Foul Ball, location: 2F
0-2: Strikes out swinging
Batting: RHB Juan Ortíz 0-0: Foul Ball, location: 2F
0-1: Ground out 6-3 (Groundball, 6MS)
Top of the 8th over - 1 run, 2 hits, 0 errors, 3 left on base; Billings 2 - San Antonio 2
BOTTOM OF THE 8TH
San Antonio BC batting - Pitching for Billings Polar Bears : LHP Pierre de Vizcaya
Now at 2B: Mesa Altuve
Batting: RHB Silverberry Mouhon 0-0: Called Strike
0-1: Foul Ball, location: 2F
0-2: Ball
1-2: Strikes out swinging
Batting: RHB José Salinas 0-0: Ball
1-0: Ball
2-0: Ball
3-0: Base on Balls
Batting: RHB Brodie Floyd 0-0: Ball
1-0: Fly out, F9 (Flyball, 9S)
Pinch Hitting: RHB Tom Bancroft 0-0: Foul Ball, location: 2F
0-1: Ball
1-1: SINGLE (Flyball, 78S)
José Salinas to second
Batting: RHB Ben Hampton 0-0: Called Strike
0-1: Foul Ball, location: 2F
0-2: Ball
1-2: Fly out, F9 (Flyball, 9LS)
Bottom of the 8th over - 0 runs, 1 hit, 0 errors, 2 left on base; Billings 2 - San Antonio 2
TOP OF THE 9TH
Billings Polar Bears batting - Pitching for San Antonio BC : RHP Salvador Villegas
Pitching: RHP Okura Tenno
Now at 2B: Tom Bancroft
Batting: SHB Goro Yokoyama 0-0: SINGLE (Line Drive, 8RS)
Batting: RHB Luis Álvarez 0-0: Ball
1-0: Ball
2-0: Called Strike
2-1: Ball
3-1: Fly out, F8 (Line Drive, 8RD)
Batting: RHB Patrick Pupovac 0-0: Called Strike
Goro Yokoyama steals 2nd base
0-1: Ball
1-1: Intentional Walk
Pinch Hitting: RHB Cody Jaeckel 0-0: Ball
1-0: Called Strike
1-1: Called Strike
1-2: Ball
2-2: Ball
3-2: Base on Balls
Goro Yokoyama to third
Patrick Pupovac to second
Batting: LHB Phil MacNamara 0-0: Grounds into fielders choice 4-2 (Groundball, 4)
Patrick Pupovac to third
Cody Jaeckel to second
Batting: RHB Lynwood Dimartínez 0-0: Ball
1-0: Foul Ball, location: 2F
1-1: Fielders Choice at 2nd, 5-4 (Groundball, 5L)
Top of the 9th over - 0 runs, 1 hit, 0 errors, 3 left on base; Billings 2 - San Antonio 2
BOTTOM OF THE 9TH
San Antonio BC batting - Pitching for Billings Polar Bears : LHP Pierre de Vizcaya
Now at 2B: Cody Jaeckel
Pinch Hitting: RHB Ramón Robles 0-0: Ground out 5-3 (Groundball, 56)
Batting: RHB Alba Hidalgo de Jesus 0-0: Foul Ball, location: 2F
0-1: Ball
1-1: Ball
2-1: Foul Ball, location: 2F
2-2: Fly out, F9 (Flyball, 89D)
Batting: RHB Mike Howard 0-0: Fly out, F6 (Line Drive, 6)
Bottom of the 9th over - 0 runs, 0 hits, 0 errors, 0 left on base; Billings 2 - San Antonio 2
TOP OF THE 10TH
Billings Polar Bears batting - Pitching for San Antonio BC : RHP Okura Tenno
Pitching: LHP Andrew Valdés
Now in RF: Carlos Cardoza
Batting: RHB Luis Pérez 0-0: Ball
1-0: Ball
2-0: Called Strike
2-1: Ball
3-1: Base on Balls
Batting: RHB Corey Dudding 0-0: Ball
1-0: Ball
2-0: Ball
3-0: Called Strike
3-1: Base on Balls
Luis Pérez to second
Batting: RHB Juan Ortíz 0-0: Fly out, F7 (Flyball, 78D)
Pinch Hitting: RHB José Ortíz 0-0: Foul Ball, location: 2F
0-1: 3-RUN HOME RUN (Flyball, 7LD), Distance : 373 ft
Batting: RHB Luis Álvarez 0-0: Fly out, F5 (Popup, 5S)
Batting: RHB Patrick Pupovac 0-0: Called Strike
0-1: Called Strike
0-2: Hit by Pitch
Batting: RHB Cody Jaeckel 0-0: Ball
1-0: Ball
2-0: Ball
3-0: Base on Balls
Patrick Pupovac to second
Pitching: RHP Tomás Apresentao
Batting: LHB Phil MacNamara 0-0: Ball
1-0: SINGLE (Groundball, 3D)
Patrick Pupovac to third
Cody Jaeckel to second
Runner from 3rd tries for Home, SAFE, no throw
Batting: RHB Lynwood Dimartínez 0-0: Ball
1-0: Ball
2-0: Ball
3-0: Called Strike
3-1: Called Strike
3-2: Fly out, F8 (Flyball, 89XD)
Top of the 10th over - 4 runs, 2 hits, 0 errors, 2 left on base; Billings 6 - San Antonio 2
BOTTOM OF THE 10TH
San Antonio BC batting - Pitching for Billings Polar Bears : LHP Pierre de Vizcaya
Now at 1B: José Ortíz
Batting: SHB Tom Chagolla 0-0: Ball
1-0: Ball
2-0: Swinging Strike
2-1: Foul Ball, location: 2F
2-2: Strikes out swinging
Batting: RHB Silverberry Mouhon 0-0: Ball
1-0: Foul Ball, location: 2F
1-1: Ground out 6-3 (Groundball, 6MD)
Batting: RHB José Salinas 0-0: Ball
1-0: Fly out, F7 (Flyball, 7LSF)
Bottom of the 10th over - 0 runs, 0 hits, 0 errors, 0 left on base; Billings 6 - San Antonio 2
Friday, March 29th, 2019 - OOTP Baseball 18.8 Build 76